 Dungeon Crawl Stone Soup version 0.25-a0-265-g7af84ae0ac (webtiles) character file.

Game seed: 7995583277066317262, levelgen mode: deterministic

28 Redear the Ducker (level 3, -3/26 HPs)
             Began as an Octopode Fighter on Dec 8, 2019.
             Slain by a gnoll (5 damage)
             ... on level 1 of the Dungeon.
             The game lasted 00:01:12 (886 turns).

Redear the Ducker (Octopode Fighter)                 Turns: 886, Time: 00:01:13

Health: -3/26      AC:  1    Str: 15    XL:     3   Next: 14%
Magic:  3/3        EV: 12    Int: 10    God:
Gold:   86         SH:  8    Dex: 12    Spells: 2/2 levels left

rFire    . . .     SeeInvis .   a - +0 long sword
rCold    . . .     Gourm    .   b - +0 shield
rNeg     . . .     Faith    .   (helmet restricted)
rPois    .         Spirit   .   (no amulet)
rElec    .         Reflect  .   (no ring)
rCorr    .         Harm     .   (no ring)
MR       .....                  (no ring)
Stlth    +++.......             (no ring)
HPRegen  0.08/turn              (no ring)
MPRegen  0.08/turn              (no ring)
                                (no ring)
                                (no ring)

@: no status effects
A: almost no armour, stealthy swim, amphibious, 8 rings, constrict 8, camouflage
1, gelatinous body 1
a: no special abilities


You were on level 1 of the Dungeon.
You were not hungry.

You visited 1 branch of the dungeon, and saw 2 of its levels.

You collected 86 gold pieces.

Inventory:

Hand Weapons
 a - a +0 long sword (weapon)
Armour
 b - a +0 shield (worn)
Scrolls
 e - 3 scrolls of teleportation {unknown}
 f - a scroll of identify {unknown}
 j - 2 scrolls of remove curse {unknown}
Potions
 c - a potion of might {Str+5 DMG+1d10 | @q3}
 d - a potion of mutation {unknown}
 g - 2 potions of curing {unknown}
 h - a potion of berserk rage {unknown}
 i - a potion of brilliance {unknown}
Comestibles
 z - 2 rations


   Skills:
 + Level 3.2 Fighting
 + Level 2.3 Long Blades
 + Level 3.2 Dodging
 + Level 1.6 Stealth
 + Level 3.2 Shields


You had 2 spell levels left.
You didn't know any spells.
Your spell library was empty.

Dungeon Overview and Level Annotations

Branches:
Dungeon (2/15)

Altars:


Innate Abilities, Weirdness & Mutations

You cannot wear most types of armour.
You are very stealthy in the water. (Stealth+)
You are amphibious.
You can wear up to eight rings at the same time.
You can use your tentacles to constrict eight enemies at once.
Your skin changes colour to match your surroundings (Stealth+).
Your rubbery body absorbs attacks. (AC +1, EV +1)


Message History

The bat is moderately wounded.
Unknown command.
The bat hits you.
* * * LOW HITPOINT WARNING * * *
You take 1 damage, and have 5/26 hp.
You block the bat's attack. The bat hits you.
* * * LOW HITPOINT WARNING * * *
You take 1 damage, and have 4/26 hp.
The bat hits you.
* * * LOW HITPOINT WARNING * * *
There is a stone staircase leading up here.
You take 1 damage, and have 3/26 hp.
The bat hits you but does no damage. The gnoll hits you.
* * * LOW HITPOINT WARNING * * *
You climb upwards.
There is a stone staircase leading down here.
You take 1 damage, and have 2/26 hp.
The gnoll hits you.
You die...

########....≈≈.....≈≈..........##
.............≈≈≈≈≈≈≈....#.......#
#########..............##.......#
#...............######+#..#
#............##...# #.#..#
#....#####>#.##...# #....# #....#
#.#.##...######.## ######
#g#..'........#.#
#@####...####.#.# #.# #...# #.#.#
#.# ##### ##.#.# #.# #..#.# #.#
#.##.# #.##########.##.#
#..(.......#.##.#
##########.#.##.# #.....#.#.##.##


You could see a gnoll.

Vanquished Creatures
  An adder (D:2)
  A dart slug (D:1)
  2 giant cockroaches (D:1)
  2 hobgoblins (D:1)
  3 bats
  2 frilled lizards
  3 kobolds (D:1)
  3 rats (D:1)
17 creatures vanquished.

Notes
Turn   | Place    | Note
-------+----------+-------------------------------------------
     0 | D:1      | Redear the Octopode Fighter began the quest for the Orb.
     0 | D:1      | Reached XP level 1. HP: 16/16 MP: 1/1
    54 | D:1      | Reached XP level 2. HP: 20/21 MP: 2/2
   160 | D:1      | Reached skill level 1 in Stealth
   847 | D:2      | Reached XP level 3. HP: 26/26 MP: 3/3
   882 | D:2      | HP: 2/26 [gnoll (2)]
   886 | D:1      | Slain by a gnoll

Levels and vault maps discovered:
D:1:      moated_graveyard_arrival, layout_basic
D:2:      layout_basic, yredelemnul_forgotten_temple_becter, uniq_sigmund

Skill      XL: |  1  2 |
---------------+-------+-----
Stealth        | 1 |  1.6
Fighting       | |  3.2
Long Blades    | |  2.3
Dodging        | |  3.2
Shields        | |  3.2

Action                   || total
-------------------------++-------
Melee: Long sword        ||    34
       Constrict         ||     9
       Tentacles         ||     5
 Stab: Sleeping          ||     2
Armor: Skin              ||     5
Dodge: Dodged            ||    24
Block: Shield            ||    14
       Rpst.: Long sword ||     7

Table legend:
 A = Non-vault XP
 B = Vault XP
 C = Vault XP percentage of total XP
 D = Non-vault monster count
 E = Vault monster count
 F = Vault count percentage of total count
                 A         B        C        D         E       F
            +---------+---------+-------+---------+---------+-------
      Total |      41 |       0 |   0.0 |      17 |       0 |   0.0
            +---------+---------+-------+---------+---------+-------
        D:1 |      24 |       0 |   0.0 |      14 |       0 |   0.0
        D:2 |      17 |       0 |   0.0 |       3 |       0 |   0.0
            +---------+---------+-------+---------+---------+-------
